 Dungeon Crawl Stone Soup version 0.29-a0-504-gec6baf379c (webtiles) character file.

Game seed: 6561486759927319023

68 Colgate the Cutter (level 4, -1/26 HPs)
             Began as a Kobold Brigand on May 28, 2022.
             Was a Believer of Trog.
             Slain by an iguana (8 damage)
             ... on level 2 of the Dungeon.
             The game lasted 00:04:02 (1922 turns).

Colgate the Cutter (Kobold Brigand)                 Turns: 1922, Time: 00:04:02

Health: -1/26      AC:  3    Str:  8    XL:     4   Next: 41%
Magic:  4/4        EV: 14    Int: 12    God:    Trog [**....]
Gold:   14         SH:  0    Dex: 18    Spells: 3/3 levels left

rFire   . . .      SeeInvis .   o - +1 dagger (speed)
rCold   . . .      Faith    .   (no shield)
rNeg    + . .      Spirit   .   b - +0 robe
rPois   +          Reflect  .   (no helmet)
rElec   .          Harm     .   c - +0 cloak
rCorr   .          Rampage  .   (no gloves)
Will    .....                   (no boots)
Stlth   ++++......              (no amulet)
HPRegen 0.08/turn               j - ring of positive energy
MPRegen 0.09/turn               r - ring of poison resistance

@: no status effects
A: small, no large weapons, nightstalker 3
a: Renounce Religion, Berserk, Trog's Hand


You were on level 2 of the Dungeon.
You worshipped Trog.
Trog was pleased with you.
You visited 1 branch of the dungeon, and saw 2 of its levels.

You collected 14 gold pieces.

Inventory:

Hand Weapons
 a - a +2 dagger
 i - a +0 short sword
 o - a +1 dagger of speed (weapon)
Missiles
 d - 11 poisoned darts (quivered)
 e - a curare-tipped dart
Armour
 b - a +0 robe (worn)
 c - a +0 cloak (worn)
Jewellery
 j - a ring of positive energy (left hand)
 r - a ring of poison resistance (right hand)
Scrolls
 k - a scroll of blinking {unknown}
 l - a scroll of teleportation {unknown}
 m - a scroll of vulnerability {unknown}
 n - a scroll of identify {unknown}
 q - a scroll of amnesia {unknown}
Potions
 f - a potion of attraction {unknown}
 g - a potion of lignification {unknown}
 h - 3 potions of curing {unknown}
 p - a potion of mutation {unknown}


   Skills:
 - Level 2.1 Fighting
 + Level 5.8 Short Blades
 - Level 2.1 Throwing
 - Level 1.2 Dodging
 - Level 5.3 Stealth


You had 3 spell levels left.
You didn't know any spells.
Your spell library was empty.

Dungeon Overview and Level Annotations

Branches:
Dungeon (2/15)

Altars:
Trog


Innate Abilities, Weirdness & Mutations

You are small and have problems with some larger weapons.
You are completely attuned to the shadows.


Message History

No target in view!
A bat comes into view.
You see here a hobgoblin corpse.
A bat is nearby!
A bat is nearby!
The helpless bat fails to defend itself.
You spit the bat like a pig!!!
You kill the bat!
Trog accepts your kill.
Key pressed, stopping explore.
No target in view!
Found an escape hatch in the floor.
r - a ring of poison resistance (right hand)
Okay, then.
Okay, then.
Search for what [Enter for "d:1", or ? for help]? d:2 Unknown command.
Throw: 3 darts (curare)
Aim: an iguana (wandering, hasn't noticed you, 66% to hit)
You throw a curare-tipped dart.
The curare-tipped dart barely misses the iguana.
The iguana hisses angrily.
Throw: 2 darts (curare)
Aim: an iguana (66% to hit)
You throw a curare-tipped dart.
The curare-tipped dart barely misses the iguana.
You hit the iguana. The iguana barely misses you.
You hit the iguana but do no damage. You hit the iguana but do no damage.
The iguana bites you.
You hit the iguana. Your punch misses the iguana. You hit the iguana.
The iguana bites you!
You hit the iguana but do no damage. You hit the iguana but do no damage.
The iguana misses you.
You hit the iguana. You hit the iguana but do no damage.
You completely miss the iguana. The iguana bites you!
* * * LOW HITPOINT WARNING * * *
You closely miss the iguana. You barely miss the iguana. The iguana bites you!
You die...

...#
..................
...#
......w...........
...#
........!.........
...#
..........##......
...#
(.........##......
####
#.........##.....[
#.........##......
#.l.......##......
#.@.......#
###......
#####.......#
###.....#####.#
#.......# .# ####
#.#..#.##
...####.##.#.#
##.#... #.#>#
##.#.#####.#.#


You could see an iguana.

Vanquished Creatures
  Jessica (D:2)
  A dart slug (D:1)
  An orc (D:2)
  3 bats
  2 endoplasms (D:1)
  5 goblins
  4 hobgoblins
  4 jackals (D:1)
  3 kobolds
  2 quokkas (D:1)
  4 ball pythons
  A frilled lizard (D:1)
  3 rats
34 creatures vanquished.

Notes
Turn   | Place    | Note
-------+----------+-------------------------------------------
     0 | D:1      | Colgate the Kobold Brigand began the quest for the Orb.
     0 | D:1      | Reached XP level 1. HP: 12/12 MP: 1/1
   171 | D:1      | Reached XP level 2. HP: 17/17 MP: 2/2
   173 | D:1      | Found a faded altar of an unknown god.
   189 | D:1      | Prayed at the altar of an unknown god.
   189 | D:1      | Became a worshipper of Trog the Wrathful
   189 | D:1      | Reached * piety under Trog
   994 | D:1      | Reached XP level 3. HP: 21/21 MP: 3/3
  1527 | D:2      | Reached ** piety under Trog
  1528 | D:2      | Reached skill level 5 in Short Blades
  1529 | D:2      | Noticed Jessica
  1538 | D:2      | Killed Jessica
  1539 | D:2      | Reached XP level 4. HP: 16/26 MP: 4/4
  1922 | D:2      | Slain by an iguana

Illustrated notes

Levels and vault maps discovered:
D:1:      dpeg_arrival_connections, layout_basic,
          chequers_ecumenical_altar_island
D:2:      layout_basic, basic_altar, uniq_jessica

Skill      XL: |  1  2  3 |
---------------+----------+-----
Short Blades   | 3 4 5 |  5.8
Fighting       | |  2.1
Throwing       | |  2.1
Dodging        | |  1.2
Stealth        | |  5.3

Action                   |  1- 3 |  4- 6 || total
-------------------------+-------+-------++-------
Melee: Dagger            |    64 |    25 ||    89
Throw: Dart              |       |     2 ||     2
 Stab: Sleeping          |    17 |     2 ||    19
       Distracted        |     1 |       ||     1
Armor: Robe              |     8 |     2 ||    10
Dodge: Dodged            |    31 |     8 ||    39

Table legend: (Time is in decaauts)
 A = Elapsed time spent in this place.
 B = Non-inter-level travel time spent in this place.
 C = Inter-level travel time spent in this place.
 D = Time resting spent in this place.
 E = Time spent auto-exploring this place.
 F = Levels seen in this place.
 G = Mean time per level.
                   A        B        C        D        E       F      G
               +--------+--------+--------+--------+--------+-----+--------+
         Total |   1906 |   1791 |    115 |      0 |   1437 |   2 |  953.0 |
       Dungeon |   1906 |   1791 |    115 |      0 |   1437 |   2 |  953.0 |
               +--------+--------+--------+--------+--------+-----+--------+

Top non-repeatable levels by time:
     D:1: 1460 daAuts
     D:2: 445 daAuts
